 Dungeon Crawl Stone Soup version 0.21-a0-221-gfe971b9 (webtiles) character file.

13660 Moloch the Spear-Bearer (level 11, 0/89 HPs)
             Began as a Demonspawn Fighter on Aug 26, 2017.
             Was a High Priest of Okawaru.
             Slain by an unseen horror (8 damage)
             ... on level 11 of the Dungeon.
             The game lasted 00:25:33 (11853 turns).

Moloch the Spear-Bearer (Demonspawn Fighter)       Turns: 11853, Time: 00:25:34

Health: 0/89       AC: 13    Str: 26    XL:     11   Next: 78%
Magic:  11/14      EV:  9    Int: 15    God:    Okawaru [*****.]
Gold:   664        SH:  0    Dex: 15    Spells: 10/10 levels left

rFire    . . .     SeeInvis .   h - +4 halberd
rCold    . . .     Gourm    .   (shield currently unavailable)
rNeg     + . .     Faith    +   b - +0 plate armour (curse)
rPois    .         Spirit   .   (helmet restricted)
rElec    .         Reflect  .   J - +0 cloak
rCorr    .         Harm     .   s - +0 pair of gloves of Forking Paths {rN+ Str+4 Int+2}
MR       .....                  (boots unavailable)
Stlth    ..........             A - amulet of faith
HPRegen  0.24/turn              C - +5 ring of strength
MPRegen  0.14/turn              t - +3 ring of strength

@: about to teleport
A: hooves 3, horns 1, blurry vision 2, clever 1, deterioration 1, foul stench 1,
low mp 1, powered by pain 1, weak 1, rot immunity, MP-powered wands, sturdy
frame 3
a: Heroism, Finesse, Renounce Religion


You were on level 11 of the Dungeon.
You worshipped Okawaru.
Okawaru was extremely pleased with you.
You were hungry.

You visited 3 branches of the dungeon, and saw 13 of its levels.
You also visited: Ice Cave.

You collected 760 gold pieces.
You spent 96 gold pieces at shops.

Inventory:

Hand Weapons
 h - a +4 halberd (weapon)
 M - a +1 glaive
 N - a +2 trident of venom
Missiles
 m - 4 throwing nets
 y - 7 steel javelins (quivered)
Armour
 b - a cursed +0 plate armour (worn)
 c - a +0 shield
 s - the +0 pair of gloves of Forking Paths (worn) {rN+ Str+4 Int+2}
   (Okawaru gifted it to you on level 10 of the Dungeon)

   It affects your strength (+4).
   It affects your intelligence (+2).
   It protects you from negative energy.
 E - the +5 ring mail "Forget-Me-Not" {rC+ Dex+3 SInv}
   (You found it on level 7 of the Dungeon)

   It affects your dexterity (+3).
   It protects you from cold.
   It lets you see invisible.
 J - a +0 cloak (worn)
Jewellery
 e - an uncursed ring of see invisible
 t - a +3 ring of strength (right hand)
 z - an uncursed amulet of regeneration
 A - an amulet of faith (around neck)
 C - a +5 ring of strength (left hand)
 L - an uncursed ring of flight
Wands
 a - a wand of lightning (4/15)
 n - a wand of confusion (23/48)
 K - a wand of paralysis (10/24)
 O - a wand of digging (10/24)
Scrolls
 j - a scroll of fear
 k - 3 scrolls of identify
 p - a scroll of amnesia
 u - 4 scrolls of enchant armour
 B - 2 scrolls of teleportation
 H - 2 scrolls of enchant weapon {unknown}
 I - 2 scrolls of silence {unknown}
 P - 2 scrolls of recharging
Potions
 d - 3 potions of might
 g - 2 potions of brilliance
 q - a potion of agility
 r - 5 potions of flight
 v - 3 potions of haste
 w - a potion of mutation
 x - 2 potions of magic
 F - a potion of invisibility
 G - a potion of resistance
Comestibles
 f - 10 bread rations
 i - 6 fruits
 l - 6 meat rations
 D - a royal jelly


   Skills:
 + Level 9.5 Fighting
 + Level 14.3 Polearms
 - Level 2.6 Armour
 - Level 2.6 Shields
 - Level 6.4 Invocations


You had 10 spell levels left.
You didn't know any spells.

Dungeon Overview and Level Annotations

Branches:
Dungeon (11/15)            Temple (1/1) D:5             Orc (1/2) D:9
   Lair: D:8-11

Altars:
Ashenzari
Cheibriados
Dithmenos
Elyvilon
Fedhas
Gozag
Hepliaklqana
Kikubaaqudgha
Makhleb
Nemelex Xobeh
Okawaru
Qazlal
Ru
Sif Muna
Trog
Uskayaw
Vehumet
Wu Jian
Xom
Yredelemnul
Zin
The Shining One

Shops:
D:5 ?   D:10 %

Annotations:
D:10 exclusion: oklob plant


Innate Abilities, Weirdness & Mutations

You have hooves in place of feet.
You may emit foul miasma when damaged in melee.
You sometimes gain a little power by taking damage.
You are immune to rotting.
Your movements are significantly less encumbered by armour. (ER -6)
You have a pair of small horns on your head.
Scrolls take you longer to read.
Your mind is acute. (Int +2)
Your body sometimes deteriorates upon taking damage.
Your magical capacity is low. (-10% MP)
You are weak. (Str -2)
You expend magic power (3 MP) to strengthen your wands.


Message History

The bolt of lightning hits something.
Evoking this partially-identified wand wasted a few charges.
You hear an angry buzzing noise.
You hear a shout!
You hear an angry hiss.
You hear a shout!
You hear an angry buzzing noise.
You hear a shout!
You hear two shouts!
You hear an angry buzzing noise. x2
Something hits you but does no damage. Something hits you!
* * * LOW HITPOINT WARNING * * *
Unknown command.
You feel better.
Something hits you but does no damage. x2
Something hits you but does no damage.
You begin reading the scroll.
You continue reading the scroll.
Something hits you but does no damage.
As you read the scroll of teleportation, it crumbles to dust.
You feel strangely unstable.
You hit something. You kick something! Something hits you.
* * * LOW HITPOINT WARNING * * *
Something hits you.
* * * LOW HITPOINT WARNING * * *
Something hits you but does no damage. Something hits you!
You die...

#........#.##..#...#
#..........##... .##
#......######.... ..
#......########.## #
#...†)..P..# ##
###...#.a.#.
#(#....#.. #†#....#
. #@#.#..# #.#.#...#
#.#.#.#..# #.#..
#### #.#.. #.# #.#
#.. #..


There were no monsters in sight!

Vanquished Creatures
  Snorg (D:10)
  Harold (D:10)
  4 two-headed ogres
  Nergalle (D:11)
  Pikel (D:8)
  Maurice (D:8)
  3 polar bears (IceCv)
  Prince Ribbit (D:6)
  A vampire (D:9)
  3 yaks (IceCv)
  Grum (D:8)
  3 water moccasins
  3 ice beasts
  7 orc warriors
  A black bear (D:7)
  3 sky beasts
  4 slaves (D:8)
  A phantom (D:4)
  An eye of draining (D:8)
  4 ogres
  A necrophage (D:8)
  3 centaurs
  5 wolves
  A big kobold (D:11)
  2 bullfrogs (D:6)
  A wyvern zombie (D:10)
  A wyvern skeleton (D:8)
  8 scorpions
  22 killer bees
  13 wights
  2 howler monkeys
  2 crimson imps
  3 bullfrog zombies
  A quasit (D:8)
  A centaur zombie (D:11)
  2 jellies
  A gnoll shaman (D:6)
  11 orc wizards
  6 orc priests
  6 hounds
  3 iguanas
  Jessica (D:3)
  A bullfrog skeleton (D:11)
  9 worker ants
  A hound zombie (D:8)
  2 hound skeletons
  A mummy (D:6)
  2 worker ant zombies
  13 gnolls
  A howler monkey skeleton (D:6)
  14 adders
  4 shadow imps
  An ooze (D:4)
  An adder zombie (D:6)
  An adder skeleton (D:5)
  4 worms
  2 dart slugs
  6 leopard geckos
  32 orcs
  A giant cockroach (D:2)
  10 goblins
  7 hobgoblins
  6 jackals
  A quokka (D:6)
  2 ball pythons
  17 bats
  3 frilled lizards
  5 kobolds
  A leopard gecko skeleton (D:6)
  A quokka skeleton (D:9)
  7 rats
297 creatures vanquished.

Vanquished Creatures (others)
  A polar bear (IceCv)
  A wolf (IceCv)
  A quokka zombie (D:8)
  10 fungi (D:4)
  2 plants (D:11)
  20 toadstools (D:10)
35 creatures vanquished.

Grand Total: 332 creatures vanquished

Notes
Turn   | Place    | Note
-------+----------+-------------------------------------------
     0 | D:1      | Moloch the Demonspawn Fighter began the quest for the Orb.
     0 | D:1      | Reached XP level 1. HP: 18/18 MP: 1/1
    19 | D:1      | Reached skill level 2 in Polearms
   141 | D:1      | Gained mutation: You have large cloven feet. [demonic ancestry]
   141 | D:1      | Reached XP level 2. HP: 18/24 MP: 2/2
   307 | D:1      | Reached skill level 3 in Polearms
   642 | D:2      | Gained mutation: Your movements are slightly less encumbered by armour. (ER -2) [demonic ancestry]
   642 | D:2      | Reached XP level 3. HP: 29/29 MP: 3/3
  1270 | D:2      | Reached skill level 4 in Polearms
  1270 | D:2      | Gained mutation: You are immune to rotting. [demonic ancestry]
  1270 | D:2      | Reached XP level 4. HP: 23/35 MP: 4/4
  2015 | D:3      | Noticed Jessica
  2025 | D:3      | Killed Jessica
  2025 | D:3      | Reached skill level 5 in Polearms
  2025 | D:3      | Gained mutation: Your movements are less encumbered by armour. (ER -4) [demonic ancestry]
  2025 | D:3      | Reached XP level 5. HP: 38/41 MP: 5/5
  2496 | D:4      | HP: 2/41 [poisoned by a scorpion]
  2732 | D:4      | Gained mutation: You have hoof-like feet. [demonic ancestry]
  2732 | D:4      | Reached XP level 6. HP: 40/47 MP: 6/6
  2896 | D:4      | Reached skill level 6 in Polearms
  2906 | D:4      | Found a shattered altar of Ashenzari.
  3365 | D:4      | Gained mutation: You sometimes gain a little power by taking damage. [demonic ancestry]
  3365 | D:4      | Reached XP level 7. HP: 48/53 MP: 7/7
  3526 | D:4      | Reached skill level 7 in Polearms
  4107 | D:4      | Reached skill level 8 in Polearms
  4145 | D:5      | Entered Level 5 of the Dungeon
  4148 | D:5      | Found Kegg's Magic Scroll Shoppe.
  4151 | D:5      | Bought a scroll of teleportation for 36 gold pieces
  4151 | D:5      | Bought a scroll of identify for 24 gold pieces
  4201 | D:5      | Gained mutation: Your movements are significantly less encumbered by armour. (ER -6) [demonic ancestry]
  4201 | D:5      | Reached XP level 8. HP: 61/61 MP: 8/8
  4372 | D:5      | Found a staircase to the Ecumenical Temple.
  4380 | Temple   | Entered the Ecumenical Temple
  4544 | D:5      | Found a bloodstained altar of Trog.
  4545 | D:5      | Found an ornate altar of the Wu Jian Council.
  4747 | D:6      | Reached skill level 5 in Fighting
  4766 | D:6      | Reached skill level 9 in Polearms
  4980 | D:6      | Found a shadowy altar of Dithmenos.
  4985 | D:6      | Found a glowing golden altar of the Shining One.
  4986 | D:6      | Found an opulent altar of Gozag.
  4987 | D:6      | Found a blossoming altar of Fedhas.
  4989 | D:6      | Found a white marble altar of Elyvilon.
  4990 | D:6      | Found an iron altar of Okawaru.
  4991 | D:6      | Found a hazy altar of Hepliaklqana.
  4992 | D:6      | Found a radiant altar of Vehumet.
  4998 | D:6      | Became a worshipper of Warmaster Okawaru
  5114 | D:6      | Found a snail-covered altar of Cheibriados.
  5327 | D:5      | Bought a scroll of remove curse for 36 gold pieces
  5376 | D:6      | Reached * piety under Okawaru
  5800 | D:6      | Noticed Prince Ribbit
  5818 | D:6      | Killed Prince Ribbit
  5818 | D:6      | Reached skill level 10 in Polearms
  5818 | D:6      | Gained mutation: You may emit foul miasma when damaged in melee. [demonic ancestry]
  5818 | D:6      | Reached XP level 9. HP: 54/69 MP: 6/9
  5871 | D:7      | Got a citrine-encrusted ring mail
  5872 | D:7      | Identified the +5 ring mail "Forget-Me-Not" {rC+ Dex+3 SInv} (You found it on level 7 of the Dungeon)
  6036 | D:7      | Reached ** piety under Okawaru
  6353 | D:7      | Reached skill level 11 in Polearms
  6773 | D:8      | Gained mutation: Your mind is acute. (Int +2) [mutagenic meat]
  6774 | D:8      | Gained mutation: You are weak. (Str -2) [mutagenic meat]
  6775 | D:8      | Gained mutation: Your body sometimes deteriorates upon taking damage. [mutagenic meat]
  6776 | D:8      | Gained mutation: Scrolls take you a little longer to read. [mutagenic meat]
  6831 | D:8      | Noticed Pikel
  6839 | D:8      | Killed Pikel
  6839 | D:8      | Reached *** piety under Okawaru
  6949 | D:8      | Noticed Maurice
  6964 | D:8      | Killed Maurice
  6964 | D:8      | Received a gift from Okawaru
  6964 | D:8      | Reached XP level 10. HP: 79/79 MP: 10/10
  7097 | D:8      | Noticed a two-headed ogre
  7106 | D:8      | Killed a two-headed ogre
  7106 | D:8      | Reached **** piety under Okawaru
  7106 | D:8      | Reached skill level 12 in Polearms
  7605 | D:8      | Noticed Grum
  7617 | D:8      | Killed Grum
  8881 | D:8      | Reached skill level 13 in Polearms
  9073 | D:9      | Found a staircase to the Orcish Mines.
  9112 | D:9      | Reached ***** piety under Okawaru
  9549 | Orc:1    | Entered Level 1 of the Orcish Mines
  9751 | Orc:1    | Found a frozen archway.
  9818 | IceCv    | Entered an ice cave
  9828 | IceCv    | Reached skill level 1 in Invocations
  9833 | IceCv    | Gained mutation: You have hooves in place of feet. [demonic ancestry]
  9833 | IceCv    | Reached XP level 11. HP: 66/87 MP: 9/11
 10347 | D:10     | Entered Level 10 of the Dungeon
 10379 | D:10     | Noticed Snorg
 10389 | D:10     | Killed Snorg
 10428 | D:10     | Reached skill level 5 in Invocations
 10441 | D:10     | Noticed Harold
 10452 | D:10     | Killed Harold
 10676 | D:10     | Noticed a two-headed ogre
 10681 | D:10     | Killed a two-headed ogre
 10681 | D:10     | Received a gift from Okawaru
 10684 | D:10     | Got a pair of crude gloves {god gift}
 10695 | D:10     | Identified the +0 pair of gloves of Forking Paths {rN+ Str+4 Int+2} (Okawaru gifted it to you on level 10 of the Dungeon)
 10948 | D:10     | Found a blossoming altar of Fedhas.
 10960 | D:10     | Noticed an oklob plant
 11020 | D:10     | Noticed a two-headed ogre
 11036 | D:10     | Killed a two-headed ogre
 11101 | D:10     | Gained mutation: You have a pair of small horns on your head. [mutagenic meat]
 11102 | D:10     | Gained mutation: You expend magic power (3 MP) to strengthen your wands. [mutagenic meat]
 11103 | D:10     | Gained mutation: Scrolls take you longer to read. [mutagenic meat]
 11104 | D:10     | Gained mutation: Your magical capacity is low. (-10% MP) [mutagenic meat]
 11237 | D:10     | Found Evyjut's Food Emporium.
 11423 | D:11     | Noticed a two-headed ogre
 11428 | D:11     | Killed a two-headed ogre
 11428 | D:11     | Reached skill level 14 in Polearms
 11452 | D:11     | Noticed Nergalle
 11459 | D:11     | Killed Nergalle
 11853 | D:11     | Slain by an unseen horror

Vault maps used:
D:1:      zelgadis_glass_arrival_small, minmay_misc_feat_nine_boxes
D:2:      bh_walls_and_bars
D:3:      first_bread, lightli_corner_chamber, uniq_jessica
D:4:      old_forge, lemuel_crystal_altar
D:5:      gammafunk_temple_overflow_statue, serial_shops, shop
D:6:      minitemple, slow_altar_2, uniq_prince_ribbit1
D:8:      grunt_ogre_cave, minmay_misc_feat_enclosed, uniq_pikel, uniq_maurice,
          uniq_grum
D:9:      david_orc_3
D:10:     serial_shops, shop, tgw_fedhas, uniq_harold, uniq_snorg
D:11:     regret_index_tunnel_blossom, david_lair_shrubbed, uniq_nergalle,
          uniq_fannar
Temple:   eino_wide_crystal_templ
Orc:1:    portal_ice_cave_entry_pillars_1
IceCv:    ice_cave_caverns_02

Skill      XL: |  1  2  3  4  5  6  7  8  9 10 11 |
---------------+----------------------------------+-----
Polearms       | 2 3 4 5 6 8 10 11 13 14 | 14.3
Fighting       | 4 5 7 8 9 |  9.5
Invocations    | 1 6 |  6.4
Armour         | |  2.6
Shields        | |  2.6

Action                   |  1- 3 |  4- 6 |  7- 9 | 10-12 || total
-------------------------+-------+-------+-------+-------++-------
Melee: Trident           |   105 |   182 |    73 |       ||   360
       Kick              |    15 |    41 |    26 |    45 ||   127
       Halberd           |       |       |   345 |   383 ||   728
       Headbutt          |       |       |       |    14 ||    14
Throw: Javelin           |       |       |     1 |       ||     1
Invok: Heroism           |       |       |     1 |    17 ||    18
       Finesse           |       |       |       |     3 ||     3
Evoke: Wand              |       |       |       |     3 ||     3
  Use: Potion            |       |     3 |       |     2 ||     5
       Scroll            |       |       |    13 |     4 ||    17
 Stab: Held in net/web   |       |       |     1 |       ||     1
       Distracted        |       |       |     1 |       ||     1
  Eat: Chunk             |     2 |    12 |    10 |    18 ||    42
       Royal jelly       |       |       |       |     1 ||     1
Armor: Scale mail        |    24 |    52 |    70 |       ||   146
       Plate armour      |       |       |   121 |   172 ||   293
       Chain mail        |       |       |     6 |       ||     6
Dodge: Dodged            |    17 |    37 |   177 |   142 ||   373
Block: Shield            |    48 |    71 |    25 |       ||   144

Table legend:
 A = Spawn XP
 B = Non-spawn XP
 C = Spawn XP percentage of total XP
 D = Spawn monster count
 E = Non-spawn monster count
 F = Spawn count percentage of total count
 G = Total turns spent on level
                    A         B        C        D         E        F      G
               +---------+---------+-------+---------+---------+-------+---------
         Total |    1364 |   18151 |   7.0 |      47 |     247 |  16.0 | 11853
               +---------+---------+-------+---------+---------+-------+---------
           D:1 |      16 |      30 |  34.8 |       4 |      18 |  18.2 |   929
           D:2 |      39 |      86 |  31.2 |      10 |      14 |  41.7 |   969
           D:3 |       5 |     207 |   2.4 |       4 |      17 |  19.0 |   963
           D:4 |      68 |     902 |   7.0 |       5 |      34 |  12.8 |  1284
           D:5 |     148 |     270 |  35.4 |       2 |      10 |  16.7 |   553
           D:6 |     272 |    1327 |  17.0 |      10 |      31 |  24.4 |  1240
           D:7 |     258 |     970 |  21.0 |       8 |      15 |  34.8 |   753
           D:8 |     200 |    4488 |   4.3 |       2 |      41 |   4.7 |  2231
           D:9 |     358 |     525 |  40.5 |       2 |      15 |  11.8 |   743
          D:10 |       0 |    4501 |   0.0 |       0 |      12 |   0.0 |  1074
          D:11 |       0 |    2980 |   0.0 |       0 |      24 |   0.0 |   432
         Orc:1 |       0 |     291 |   0.0 |       0 |       7 |   0.0 |   327
         IceCv |       0 |    1574 |   0.0 |       0 |       9 |   0.0 |   301
               +---------+---------+-------+---------+---------+-------+---------
